 Dungeon Crawl Stone Soup version 0.28.0-1-gb440e238dd (webtiles) character file.

Game seed: 5970758097380814686

23 Snicker the Sneak (level 2, -2/24 HPs)
             Began as a Demonspawn Delver on Feb 21, 2022.
             Slain by a hound (3 damage)
             ... on level 7 of the Dungeon.
             The game lasted 00:02:44 (504 turns).

Snicker the Sneak (Demonspawn Delver)                Turns: 504, Time: 00:02:44

Health: -2/24      AC:  4    Str: 12    XL:     2   Next: 72%
Magic:  2/2        EV: 11    Int: 11    God:
Gold:   0          SH:  0    Dex: 14    Spells: 1/1 levels left

rFire   . . .      SeeInvis .   a - +0 short sword
rCold   . . .      Faith    .   (no shield)
rNeg    . . .      Spirit   .   b - +0 leather armour
rPois   .          Reflect  .   (no helmet)
rElec   .          Harm     .   h - +0 cloak
rCorr   .          Rampage  .   (no gloves)
Will    .....                   (no boots)
Stlth   +++.......              (no amulet)
HPRegen 0.08/turn               (no ring)
MPRegen 0.08/turn               (no ring)

@: attractive
A: powered by pain 1
a: no special abilities


You were on level 7 of the Dungeon.
You visited 1 branch of the dungeon, and saw 3 of its levels.

Inventory:

Hand Weapons
 a - a +0 short sword (weapon)
Armour
 b - a +0 leather armour (worn)
 h - a +0 cloak (worn)
Wands
 g - a wand of digging (3)
Scrolls
 c - a scroll of fog
 d - a scroll of magic mapping
Potions
 f - a potion of haste


   Skills:
 + Level 3.0 Fighting
 * Level 2.1 Short Blades
 + Level 1.8 Dodging
 * Level 5.1 Stealth


You had one spell level left.
You didn't know any spells.
Your spell library was empty.

Dungeon Overview and Level Annotations

Branches:
Dungeon (7/15)
 Temple: D:4-7

Altars:


Innate Abilities, Weirdness & Mutations

You sometimes gain a little power by taking damage.


Message History

You assume a fearsome visage.
The orc looks frightened! x2
The orc howls in fear.
Cornered, the orc turns to fight!
There is an escape hatch in the floor here.
You slide downwards.
The hatch slams shut behind you.
Reactivating autopickup.
Found 29 gold pieces.
Okay, then.
It was a potion of attraction.
You feel attractive to monsters. The hound is attracted toward you.
Okay, then.
Unknown command.
Unknown command.
Unknown command.
You hit the hound but do no damage. The hound closely misses you.
You barely miss the hound. The hound barely misses you.
The hound bites you but does no damage.
You miss the hound. The hound barely misses you.
You miss the hound. The hound barely misses you. The hound misses you.
You closely miss the hound. The hound bites you but does no damage.
You barely miss the hound. The hound bites you.
* * * LOW HITPOINT WARNING * * *
The hound barely misses you.
You hit the hound.
The hound is lightly wounded.
The hound closely misses you.
Okay, then.
You barely miss the hound.
The hound is lightly wounded.
The hound bites you but does no damage. The hound barely misses you.
You hit the hound.
The hound is moderately wounded.
The hound barely misses you.
You barely miss the hound.
The hound is moderately wounded.
The hound bites you.
* * * LOW HITPOINT WARNING * * *
The hound bites you.
You die...

#........#
#........# .
#........#
..##........#
............#
............##.
#.....h.......
#.....@...#
##........+
....$......#
......$....#
.......#+###
....... .....##
###..


You could see a hound.

Vanquished Creatures
  A howler monkey zombie (D:6)
  An adder (D:6)
  An orc (D:6)
3 creatures vanquished.

Notes
Turn   | Place    | Note
-------+----------+-------------------------------------------
     0 | D:5      | Snicker the Demonspawn Delver began the quest for the Orb.
     0 | D:5      | Reached XP level 1. HP: 18/18 MP: 1/1
    88 | D:6      | Gained mutation: You sometimes gain a little power by
                  | taking damage. [demonic ancestry]
    88 | D:6      | Reached XP level 2. HP: 16/24 MP: 2/2
   101 | D:6      | Reached skill level 5 in Stealth
   504 | D:7      | HP: 1/24 [hound (1)]
   504 | D:7      | Slain by a hound

Illustrated notes

Levels and vault maps discovered:
D:5:      layout_loops_ring, columned_hall_lemuel
D:6:      layout_loops_cross, serial_shops, shop, grunt_decor_mini_mirrors,
          uniq_eustachio, uniq_crazy_yiuf_cottage, uniq_menkaure
D:7:      minmay_evil_eye, layout_basic

Skill      XL: |  1  2 |
---------------+-------+-----
Short Blades   | 2 |  2.1
Stealth        | 5 |  5.1
Fighting       | |  3.0
Dodging        | |  1.8

Action                   || total
-------------------------++-------
Melee: Short sword       ||    44
       Punch             ||     1
  Use: Scroll            ||     1
       Potion            ||     1
Armor: Leather armour    ||     6
Dodge: Dodged            ||    26
